Map: Ruins of Seras

Players

Miltreta

  • Race: Terran Terran
  • League: Bronze

Hapo - Winner!

  • Race: Terran Terran
  • League: Silver

VOD

Have the link to the VOD?

Description

Time

  • Played on: March 16, 2016, 1:32 p.m.
  • Length: 25:49
Show
View Real Time Build Order
Export as new Build Order

Miltreta Terran 

Build Orders:  

Get SALT Encoding   

  12  0:01  SCV  
  13  0:13  SCV  
  14  0:20  Supply Depot  
  14  0:26  SCV  
  15  0:31  Refinery  
  15  0:41  SCV  
  16  0:48  Barracks  
  16  0:53  SCV  
  17  1:05  SCV  
  17  1:10  Supply Depot  
  18  1:19  SCV  
  19  1:35  Reaper  
  19  1:39  Orbital Command  
  20  1:40  Refinery  
  20  2:06  SCV  
  20  2:07  Reaper  
  22  2:16  Factory  
  22  2:18  SCV  
  23  2:41  Command Center  
  23  2:46  Barracks Reactor  
  23  2:58  Engineering Bay  
  23  3:01  Engineering Bay  
  23  3:04  Starport  
  23  3:05  Factory Tech Lab  
  22  3:33  Siege Tank  
  25  3:40  Starport Reactor  
  25  3:48  Fusion Core  
  25  3:52  SCV  
  26  4:05  Orbital Command  
  26  4:08  Refinery  
  26  4:17  Armory  
  26  4:19  SCV  
  26  4:24  Marine x2  
  28  4:26  Liberator  
  29  4:31  SCV  
  29  4:33  SCV  
  31  4:45  Medivac  
  36  4:55  SCV x2  
  36  4:56  Refinery  
  37  5:09  Siege Tank  
  37  5:10  Marine x2  
  42  5:23  SCV x2  
  44  5:49  Barracks  
  44  5:51  Liberator  
  44  5:53  Barracks  
  44  5:54  Factory  
  44  6:02  Liberator  
  47  6:26  Supply Depot  
  47  6:27  Supply Depot  
  47  6:29  Supply Depot  
  47  6:32  Supply Depot  
  47  6:38  Starport  
  47  6:42  SCV, Starport  
  47  6:43  SCV  
  49  6:53  Factory Tech Lab  
  49  6:55  Starport  
  47  8:27  Marine x2  
  44  8:29  Thor  
  52  8:35  Starport Reactor x2  
  52  8:37  Viking x2  
  54  8:44  Marine  
  52  8:59  Supply Depot  
  52  9:14  Factory  
  52  9:17  Factory, Starport  
  52  9:21  Viking x2  
  56  9:27  Marine x2  
  56  9:29  Viking x4  
  66  9:34  Terran Vehicle Weapons Level 1  
  66  10:03  Starport Reactor  
  66  10:07  Factory Reactor x2  
  66  10:10  Command Center  
  66  10:40  Siege Tank x2  
  66  10:42  Viking x3  
  78  10:43  Viking  
  78  10:45  Starport Tech Lab  
  78  10:47  Refinery  
  80  10:52  Refinery  
  67  11:17  Viking x2  
  67  11:18  Viking x4  
  55  11:19  Viking x2  
  55  11:25  SCV  
  62  11:27  SCV  
  62  11:28  SCV  
  62  11:29  Terran Vehicle And Ship Armor Level 1  
  64  11:37  SCV  
  65  11:49  Hellbat x3  
  65  11:50  Hellbat  
  73  11:59  SCV x2  
  76  12:04  Orbital Command  
  75  12:18  Viking x3  
  81  12:23  SCV x2  
  83  12:31  SCV  
  83  12:35  SCV  
  83  12:36  Viking  
  83  12:37  Viking x2  
  89  12:43  Cyclone  
  94  12:44  Cyclone  
  97  13:14  Barracks Reactor x2  
  97  13:22  Cyclone x2  
  103  13:47  Command Center  
  103  13:54  Cyclone x2  
  109  14:36  Supply Depot  
  109  14:37  Supply Depot  
  109  14:43  Siege Tank x2  
  115  14:51  Marine x5  
  115  14:52  Marine  
  121  14:58  Hellbat  
  121  14:59  Hellbat  
  125  15:02  Banshee  
  125  15:05  Viking  
  125  15:06  Viking x3  
  136  15:12  Refinery  
  136  15:15  Siege Tank  
  136  15:16  Refinery  
  139  15:45  Battlecruiser  
  145  16:03  Marine x4  
  145  16:04  Marine  
  149  16:08  Thor  
  156  16:17  Thor  
  162  16:21  Supply Depot  
  162  16:22  Supply Depot  
  162  16:23  Supply Depot  
  162  17:09  Battlecruiser, Viking x4  
  162  17:10  Viking  
  162  17:11  Viking x3  
  162  17:15  Marine x3  
  186  17:16  Marine  
  186  17:22  Supply Depot  
  188  17:25  Supply Depot  
  188  17:43  Marine x2  
  188  17:44  Orbital Command  
  155  18:15  Command Center  
  76  19:22  Marine x4  
  76  19:23  Marine x2  
  76  19:24  Siege Tank  
  79  19:25  Viking x3  
  79  19:26  Viking x3  
  91  19:40  Marine  
  92  19:47  Marine  
  92  19:48  Marine x3  
  86  20:38  Viking x3  
  86  20:39  Viking x4  
  86  21:08  Viking x2  
  87  21:14  Viking x4  
  87  21:15  Viking  
  90  21:38  Viking x2  
  88  21:44  Viking x3  
  89  21:49  Viking  
  66  22:02  Viking  
  66  22:08  Viking  
  64  22:19  Viking  
  66  22:36  Viking  
  66  22:37  Viking x3  
  70  22:38  Viking  
  76  23:01  Siege Tank  
  79  23:20  Marine x6  
  79  23:23  Viking x6  
  79  23:24  Viking  
  99  23:33  Siege Tank  
  93  24:07  Siege Tank  
  29  24:39  Siege Tank  
  29  24:43  Marine x6  
  33  24:59  Viking x2  
  37  25:00  Viking x2  
  37  25:01  Viking  
Show
View Real Time Build Order
Export as new Build Order

Hapo Terran - Winner!

Build Orders:  

Get SALT Encoding   

  12  0:01  SCV  
  13  0:13  SCV  
  14  0:19  Supply Depot  
  14  0:25  SCV  
  15  0:30  Refinery  
  15  0:41  SCV  
  16  0:48  Barracks  
  16  0:53  SCV  
  17  1:05  Supply Depot  
  17  1:06  SCV  
  18  1:17  Refinery  
  18  1:18  SCV  
  19  1:30  Supply Depot, SCV  
  20  1:44  Factory  
  20  1:47  Barracks Tech Lab  
  20  1:59  Orbital Command  
  20  2:11  Marine  
  21  2:27  Factory Reactor  
  21  2:28  SCV  
  21  2:29  Marine  
  23  2:40  SCV  
  23  2:41  Engineering Bay  
  24  2:47  Marine  
  25  2:55  SCV  
  26  3:04  Marine  
  27  3:07  SCV  
  27  3:11  Widow Mine x2  
  32  3:19  SCV  
  33  3:22  Marine  
  33  3:59  Command Center  
  33  4:07  Stimpack  
  33  4:09  Widow Mine x2  
  37  4:10  Marine  
  37  4:13  SCV  
  37  4:14  Terran Infantry Weapons Level 1  
  39  4:19  Missile Turret  
  39  4:20  Missile Turret  
  39  4:25  Supply Depot  
  39  4:26  Supply Depot  
  39  4:46  SCV, Marine  
  41  5:27  Supply Depot, Missile Turret  
  41  5:29  Missile Turret  
  41  5:31  Supply Depot  
  41  5:38  Starport  
  41  5:43  SCV  
  41  5:47  Widow Mine x2  
  46  5:51  Marine  
  46  5:55  SCV  
  48  6:01  Refinery  
  48  6:08  SCV, Orbital Command, Refinery  
  48  6:09  Marine  
  50  6:16  Widow Mine x2  
  54  6:20  SCV  
  55  6:26  Marine  
  55  6:28  Barracks  
  55  6:32  SCV, Starport Tech Lab  
  57  6:41  SCV  
  57  6:44  Widow Mine x2, SCV, Marine  
  64  6:51  Fusion Core  
  64  6:53  SCV  
  65  6:56  SCV  
  66  7:02  Marine  
  66  7:05  SCV  
  66  7:06  Armory  
  66  7:08  SCV  
  73  7:17  SCV  
  73  7:20  SCV  
  71  7:29  Medivac  
  74  7:30  SCV  
  74  7:41  Barracks Reactor  
  72  7:47  Marine x2  
  74  7:51  Missile Turret  
  74  7:55  Terran Infantry Weapons Level 2  
  74  7:59  Supply Depot  
  74  8:05  Marine x2  
  76  8:21  Battlecruiser  
  76  8:22  Marine  
  76  8:23  Marine  
  82  8:35  Missile Turret  
  82  8:40  Marine  
  82  8:41  Marine  
  81  8:54  SCV  
  82  8:55  SCV  
  82  9:01  Marine  
  82  9:02  Marine x3  
  87  9:06  SCV  
  87  9:07  Thor  
  94  9:25  Missile Turret  
  94  9:39  Behemoth Reactor  
  94  9:42  Terran Vehicle And Ship Armor Level 1  
  94  9:50  High Capacity Fuel Tanks  
  94  9:51  Starport  
  94  10:02  Supply Depot x2  
  94  10:06  Supply Depot  
  94  10:11  Terran Infantry Armor Level 1  
  94  10:16  Supply Depot x2  
  94  10:23  Battlecruiser, Marine x2  
  94  10:24  SCV x2, Marine x2  
  106  10:32  Sensor Tower  
  106  10:36  Weapon Refit, SCV x2  
  106  10:41  Marine x2  
  106  10:42  Marine x2  
  112  10:45  Starport  
  112  10:48  SCV x2, Starport Tech Lab, Starport  
  114  10:58  Marine x2  
  114  10:59  Marine x2  
  114  11:00  SCV  
  110  11:21  Missile Turret  
  110  11:36  Starport Tech Lab  
  110  11:42  Starport Tech Lab  
  110  11:45  Starport  
  110  11:57  Supply Depot  
  110  12:00  Marine x4  
  114  12:04  Battlecruiser x3  
  132  12:18  Battlecruiser, Marine x4  
  142  12:23  Supply Depot x2  
  142  12:27  Supply Depot  
  142  12:35  Command Center  
  142  12:38  Command Center  
  142  12:43  Missile Turret  
  142  12:44  Thor, Marine x4  
  142  12:48  Sensor Tower  
  152  13:02  Marine x4  
  156  13:06  Missile Turret  
  156  13:21  Sensor Tower  
  156  13:26  Supply Depot  
  156  13:40  Supply Depot  
  156  13:51  Missile Turret  
  156  13:52  Missile Turret x2  
  156  13:56  Starport Tech Lab  
  156  13:57  Missile Turret  
  156  13:58  Battlecruiser x2  
  156  14:00  Refinery x2  
  168  14:11  Orbital Command  
  168  14:50  Missile Turret  
  168  14:52  Missile Turret  
  168  15:03  Refinery  
  168  15:07  Orbital Command, Refinery  
  168  15:25  Supply Depot  
  168  15:33  Terran Infantry Armor Level 2  
  168  15:35  Terran Vehicle And Ship Armor Level 2  
  168  15:40  Battlecruiser x2  
  168  15:41  Marine  
  168  15:42  Marine x3  
  184  15:49  Supply Depot  
  184  15:59  Marine  
  184  16:00  Marine x3  
  188  16:17  Supply Depot, Marine x2  
  188  16:18  Marine x2  
  192  16:23  Thor  
  198  16:35  Marine x2  
  200  16:41  Supply Depot  
  200  16:49  Engineering Bay  
  200  16:53  Armory  
  200  16:54  Armory  
  200  17:38  Terran Infantry Weapons Level 3  
  200  17:41  Terran Vehicle Weapons Level 1  
  200  17:42  Terran Ship Weapons Level 1  
  200  17:46  Supply Depot  
  145  18:33  Marine  
  134  18:34  Marine x3  
  134  18:39  Battlecruiser x4  
  167  18:41  Battlecruiser  
  167  18:51  Marine  
  167  18:52  Marine x3  
  151  19:09  Marine x3  
  139  19:10  Marine  
  116  19:27  Marine x4  
  114  19:45  Marine x4  
  118  19:59  Command Center  
  118  20:02  Marine  
  118  20:03  Barracks, Marine x3  
  118  20:05  Barracks  
  118  20:06  Barracks  
  122  20:08  Barracks  
  122  20:12  Barracks  
  117  20:14  Orbital Command  
  117  20:20  Marine  
  117  20:21  Marine x3  
  117  20:27  Battlecruiser x3  
  115  20:38  Marine  
  115  20:39  Marine x3  
  112  20:56  Marine x3  
  112  20:57  Marine  
  115  21:11  Viking  
  116  21:14  Marine x4  
  110  21:31  Viking x3, Marine  
  110  21:32  Marine x3  
  105  21:41  Viking  
  107  21:49  Marine  
  107  21:50  Marine x3  
  107  21:53  Barracks Reactor x3  
  107  21:54  Barracks Reactor  
  111  22:00  Orbital Command  
  111  22:01  Viking  
  101  22:07  Marine  
  101  22:08  Marine x3  
  93  22:18  Battlecruiser  
  99  22:23  Medivac  
  99  22:25  Marine x3  
  99  22:26  Marine  
  105  22:41  Marine x2  
  105  22:42  Marine x7  
  105  22:43  Marine x4  
  118  22:47  Refinery  
  118  22:48  Refinery  
  118  22:57  Medivac  
  120  22:59  Marine x5  
  120  23:00  Marine x5  
  120  23:01  Marine x3  
  133  23:17  Marine x6  
  133  23:18  Marine x3  
  134  23:35  Marine x6  
  134  23:36  Marine x3  
  141  23:51  Marine  
  141  23:52  Marine x4  
  141  23:53  Marine x5  
  141  23:54  Medivac x2, Marine x3  
  158  24:09  Marine  
  159  24:10  Marine x5  
  159  24:11  Marine x7  
  171  24:18  Medivac  
  171  24:20  Medivac  
  175  24:27  Marine x3  
  175  24:28  Marine x5  
  175  24:29  Marine x5  
  158  24:45  Marine x4  
  159  24:47  Marine  
  163  25:02  Marine  
  163  25:03  Marine x3  
Tags
 
Add a new tag
Caveats
  • Supply blocks, unpowered buildings, or Contaminate may cause inaccurate times.
  • Supply counts are checked every 10 seconds.